 Dungeon Crawl Stone Soup version 0.26-a0-667-g92642533e4 (webtiles) character file.

Game seed: 12826080476644749972

7574 vortex the Destroyer (level 10, -4/63 HPs)
             Began as a Deep Elf Fire Elementalist on Oct 17, 2020.
             Was a Priest of Vehumet.
             Slain by Snorg (18 damage)
             ... on level 10 of the Dungeon.
             The game lasted 01:08:31 (11739 turns).

vortex the Destroyer (Deep Elf Fire Elementalist)  Turns: 11739, Time: 01:08:32

Health: -4/63      AC: 12    Str:  9    XL:     10   Next: 97%
Magic:  6/24       EV: 29    Int: 24    God:    Vehumet [***...]
Gold:   539        SH:  5    Dex: 15    Spells: 15/26 levels left

rFire    x . .     SeeInvis +   C - +0 hand axe of the Hierophant {vorpal, rPois rF- MR+++ SInv}
rCold    . . .     Faith    .   u - +0 buckler
rNeg     . . .     Spirit   .   q - +4 ring mail "Qaiggof" {Regen+ Str+4}
rPois    +         Reflect  .   B - +1 helmet
rElec    .         Harm     .   y - +0 cloak
rCorr    .         Rampage  .   (no gloves)
MR       +++++                  (no boots)
Stlth    ++........             c - amulet of the acrobat
HPRegen  0.60/turn              v - ring of protection from magic
MPRegen  0.19/turn              (no ring)

@: acrobat
A: no striking features
a: Renounce Religion


You were on level 10 of the Dungeon.
You worshipped Vehumet.
Vehumet was most pleased with you.
You visited 2 branches of the dungeon, and saw 11 of its levels.

You collected 539 gold pieces.

Inventory:

Hand Weapons
 o - a +2 dagger of holy wrath
 C - the +0 hand axe of the Hierophant (weapon) {vorpal, rPois rF- MR+++ SInv}
   (You found it on level 8 of the Dungeon)

   It inflicts extra damage upon your enemies.
   It makes you vulnerable to fire.
   It protects you from poison.
   It affects your resistance to hostile enchantments.
   It lets you see invisible.
Missiles
 g - 4 curare-tipped darts (quivered)
 k - 52 poisoned darts
Armour
 q - the +4 ring mail "Qaiggof" (worn) {Regen+ Str+4}
   (You found it on level 10 of the Dungeon)

   It affects your strength (+4).
   It increases your rate of regeneration.
 u - a +0 buckler (worn)
 y - a +0 cloak (worn)
 B - a +1 helmet (worn)
Jewellery
 c - an amulet of the acrobat (around neck)
 v - a ring of protection from magic (left hand)
Wands
 a - a wand of digging (4)
 t - a wand of flame (24)
Scrolls
 b - a scroll of fear
 f - 2 scrolls of teleportation
 h - 3 scrolls of enchant armour
 l - 2 scrolls of blinking {unknown}
 m - a scroll of amnesia
 n - 5 scrolls of remove curse
 s - 3 scrolls of fog
 w - 3 scrolls of immolation {unknown}
 z - 2 scrolls of enchant weapon
 F - a scroll of magic mapping
Potions
 d - a potion of berserk rage
 e - a potion of ambrosia
 j - 2 potions of heal wounds
 p - a potion of haste
 r - a potion of flight
 x - a potion of lignification
 A - a potion of might
 D - a potion of curing {unknown}
 E - a potion of brilliance


   Skills:
 * Level 7.1 Fighting
 + Level 7.6 Dodging
 - Level 3.1 Stealth
 - Level 4.0 Shields
 + Level 8.6 Spellcasting
 * Level 9.5 Conjurations
 + Level 7.4 Fire Magic


You had 15 spell levels left.
You knew the following spells:

 Your Spells              Type           Power        Failure   Level
a - Foxfire               Conj/Fire      ####         1%          1
c - Sticky Flame          Conj/Fire      ######..     1%          4
f - Fireball              Conj/Fire      ######....   4%          5
i - Magic Dart            Conj           ####         1%          1

Your spell library contained the following spells:

 Spells                   Type           Power        Failure   Level
 Frozen Ramparts          Ice            ##....       13%         3
 Conjure Flame            Conj/Fire      ######..     1%          3
 Inner Flame              Hex/Fire       ####....     3%          3
 Animate Skeleton         Necr           ##....       17%         1
 Pain                     Necr           ##..         17%         1
 Vampiric Draining        Necr           ##........   45%         3
 Animate Dead             Necr           ##........   86%         4
 Agony                    Necr           ##......     99%         5


Dungeon Overview and Level Annotations

Branches:
Dungeon (10/15)            Temple (1/1) D:4             Orc (0/2) D:9
   Lair: D:8-11

Altars:
Ashenzari
Cheibriados
Dithmenos
Elyvilon
Fedhas
Gozag
Hepliaklqana
Kikubaaqudgha
Makhleb
Nemelex Xobeh
Okawaru
Qazlal
Ru
Sif Muna
Trog
Uskayaw
Vehumet
Wu Jian
Xom
Yredelemnul
Zin
The Shining One

Shops:
D:10 }

Annotations:
D:6 2 transporters; sticky, Demosthentine's ghost, novice FoFi
D:10 Snorg


Message History

Aim: Snorg (heavily wounded, very poisoned, slow)
The sticky flame hits Snorg.
Snorg is heavily wounded.
Snorg is covered in liquid flames!
Snorg burns!
Snorg shakes off her lethargy.
Snorg goes berserk!
Snorg burns!
Snorg burns!
Snorg barely misses you. Snorg claws you! You block Snorg's attack.
Snorg burns!
Snorg burns!
Snorg stops burning.
Snorg bites you! Snorg misses you. Snorg claws you.
Casting: Sticky Flame (dangerous; 1% risk of failure)
Confirm with . or Enter, or press ? or * to list all spells.
Press: ? - help, Shift-Dir - straight line, p - Snorg The fireball explodes!
The fireball engulfs Snorg!
Snorg is almost dead.
Snorg bites you! Snorg claws you! x2
* * * LOW HITPOINT WARNING * * *
You block Snorg's attack. x2; Snorg claws you!!
You die...

.# #......(######
.# #............#
.# ##+##........#
.. #........#
#### #........#
...# #........#
...
..#........####
...
....#.......T...#
#
....#...####@...#
.# #
....########....#
..# ##+#......
#(.....# ..#
..........
#......####.#
...........
#........##.##
....<#+#...
###......##..#
##.....#...
###......##..##
#.........
...............#
##....#...
.###......##).>#


You could see Snorg (berserk, poisoned).

Vanquished Creatures
  A two-headed ogre (D:10)
  Pikel (D:5)
  5 trolls
  A wyvern (D:8)
  Sigmund (D:2)
  3 yaks (D:10)
  A warg (D:9)
  A water moccasin (D:7)
  7 orc warriors
  4 sky beasts
  3 ice beasts
  An ogre (D:9)
  A black bear (D:10)
  3 phantoms
  A lemure (D:5)
  3 centaurs
  2 big kobolds
  5 bullfrogs
  6 scorpions
  14 wights
  6 killer bees (D:9)
  2 howler monkeys
  A centaur zombie (D:8)
  A bullfrog zombie (D:9)
  3 hounds
  2 jellies (D:6)
  2 orc priests
  3 orc wizards
  4 worker ants
  A bullfrog skeleton (D:8)
  An iguana (D:4)
  2 hound skeletons
  A worker ant zombie (D:10)
  A howler monkey skeleton (D:4)
  4 gnolls (D:3)
  11 adders
  A shadow imp (D:5)
  2 white imps
  An ufetubus (D:6)
  A worm (D:2)
  10 leopard geckos
  28 orcs
  5 bats
  10 giant cockroaches
  6 goblins
  12 hobgoblins
  4 jackals (D:2)
  2 quokkas
  4 ball pythons
  8 frilled lizards
  A jackal zombie (D:8)
  10 kobolds
  2 leopard gecko skeletons (D:7)
  A quokka skeleton (D:5)
  9 rats
226 creatures vanquished.

Vanquished Creatures (others)
  1252 foxfires
  5 plants (D:6)
1257 creatures vanquished.

Grand Total: 1483 creatures vanquished

Notes
Turn   | Place    | Note
-------+----------+-------------------------------------------
     0 | D:1      | vortex the Deep Elf Fire Elementalist began the quest for
                  | the Orb.
     0 | D:1      | Reached XP level 1. HP: 10/10 MP: 6/6
   415 | D:1      | Reached XP level 2. HP: 16/16 MP: 6/8
   905 | D:1      | Reached skill level 1 in Fighting
  1188 | D:2      | Reached skill level 2 in Conjurations
  1235 | D:2      | Noticed Sigmund
  1261 | D:2      | Killed Sigmund
  1261 | D:2      | Reached skill level 3 in Conjurations
  1261 | D:2      | Reached XP level 3. HP: 9/21 MP: 0/10
  1261 | D:2      | Reached XP level 4. HP: 11/26 MP: 0/11
  1261 | D:2      | Reached XP level 5. HP: 13/30 MP: 0/12
  1450 | D:2      | Found a glowing golden altar of the Shining One.
  2324 | D:2      | Learned a level 4 spell: Sticky Flame
  2330 | D:2      | Learned a level 5 spell: Fireball
  2550 | D:3      | Reached XP level 6. HP: 36/36 MP: 7/14
  3046 | D:3      | Found an ornate altar of the Wu Jian Council.
  3046 | D:3      | Found a sacrificial altar of Ru.
  3051 | D:3      | Found an iron altar of Okawaru.
  3067 | D:3      | Found a faded altar of an unknown god.
  3119 | D:3      | Found a faded altar of an unknown god.
  3596 | D:4      | Reached skill level 4 in Conjurations
  3895 | D:4      | Found a staircase to the Ecumenical Temple.
  3904 | Temple   | Entered the Ecumenical Temple
  4566 | D:5      | Entered Level 5 of the Dungeon
  4616 | D:5      | Reached XP level 7. HP: 41/41 MP: 10/16
  4809 | D:5      | Noticed Pikel
  4823 | D:5      | Killed Pikel
  4823 | D:5      | Reached skill level 5 in Spellcasting
  4823 | D:5      | Reached skill level 5 in Conjurations
  4823 | D:5      | Reached skill level 5 in Fire Magic
  5044 | D:5      | Reached XP level 8. HP: 48/48 MP: 10/18
  5124 | D:5      | Found a radiant altar of Vehumet.
  5273 | D:5      | Became a worshipper of Vehumet
  5682 | D:6      | Reached skill level 5 in Dodging
  5734 | D:6      | Found a stormy altar of Qazlal.
  5819 | D:6      | Reached skill level 6 in Conjurations
  5926 | D:6      | Found a shadowy altar of Dithmenos.
  5986 | D:6      | Noticed Demosthentine's ghost (novice FoFi)
  6023 | D:6      | Reached skill level 1 in Shields
  6149 | D:6      | Identified the +2 ring mail of Vooxkaf {MR- Str+3 Int+2
                  | Slay+3}
  6199 | D:6      | Found a transporter.
  6205 | D:6      | Found a transporter.
  6567 | D:7      | Reached * piety under Vehumet
  6567 | D:7      | Offered knowledge of Shock by Vehumet.
  6797 | D:7      | Reached XP level 9. HP: 52/53 MP: 14/20
  7090 | D:7      | Reached skill level 5 in Fighting
  7207 | D:7      | Found a radiant altar of Vehumet.
  7209 | D:7      | Identified Vehumet's Volume of Conjuration
  7213 | D:7      | Learned a level 1 spell: Magic Dart
  7214 | D:7      | Found an ancient bone altar of Kikubaaqudgha.
  7215 | D:7      | Found a shimmering blue altar of Sif Muna.
  7310 | D:7      | Got a heavily runed brass ring
  7311 | D:7      | Identified the ring "Fud Utoqiqeh" {rElec rC- rN+++ Str-4
                  | Int+6} (You found it on level 7 of the Dungeon)
  7459 | D:7      | Reached skill level 7 in Conjurations
  7544 | D:8      | Noticed a troll
  7552 | D:8      | Killed a troll
  7960 | D:8      | Got a smoking hand axe
  7961 | D:8      | Identified the cursed +0 hand axe of the Hierophant
                  | {vorpal, rPois rF- MR+++ SInv} (You found it on level 8 of
                  | the Dungeon)
  8646 | D:8      | Reached ** piety under Vehumet
  8646 | D:8      | Offered knowledge of Sandblast by Vehumet.
  9364 | D:9      | Noticed a troll
  9427 | D:9      | Killed a troll
  9497 | D:9      | Reached XP level 10. HP: 60/60 MP: 18/23
  9531 | D:9      | Reached skill level 8 in Conjurations
  9922 | D:9      | Offered knowledge of Ignite Poison by Vehumet.
 10354 | D:9      | Found a staircase to the Orcish Mines.
 10384 | D:9      | Reached *** piety under Vehumet
 10774 | D:10     | Entered Level 10 of the Dungeon
 10774 | D:10     | Found Taorumid's Gadget Shop.
 10972 | D:10     | Noticed a two-headed ogre
 10981 | D:10     | Killed a two-headed ogre
 10981 | D:10     | Reached skill level 9 in Conjurations
 11294 | D:10     | Got a smoking ring mail
 11305 | D:10     | Identified the +4 ring mail "Qaiggof" {Regen+ Str+4} (You
                  | found it on level 10 of the Dungeon)
 11343 | D:10     | Offered knowledge of Frozen Ramparts by Vehumet.
 11726 | D:10     | Noticed Snorg
 11739 | D:10     | Slain by Snorg

Illustrated notes

Levels and vault maps discovered:
D:1:      eino_arrival_water_star, layout_loops_ring
D:2:      layout_basic, nicolae_tso_carved_into_rock, minmay_door_square,
          uniq_sigmund
D:3:      layout_loops_ring, chequers_temple_overflow_minitemple
D:4:      layout_rooms, lemuel_temple_firewalk_a, hangedman_decor_riveting
D:5:      layout_loops_cross, vehumet_altar_wand_db, uniq_pikel
D:6:      layout_rooms, kennysheep_mini_moat, lemuel_coloured_pillars_altar,
          gammafunk_ghost_gnarly_gnolls
D:7:      layout_basic, grunt_temple_overflow_magic_moments
D:8:      minmay_slanted_spiral_squares, layout_cave_pods
D:9:      layout_small_grid, erik_orc_3
D:10:     layout_basic, serial_shops, shop, uniq_snorg
Temple:   oiseaux_autumnal_temple

Skill      XL: |  1  2  3  4  5  6  7  8  9 10 |
---------------+-------------------------------+-----
Fighting       | 2 3 4 5 7 |  7.1
Conjurations   | 3 4 5 6 7 9 |  9.5
Dodging        | 3 4 5 6 7 |  7.6
Spellcasting   | 4 5 6 7 8 |  8.6
Fire Magic     | 4 5 6 7 |  7.4
Shields        | 2 3 4 |  4.0
Stealth        | 3 |  3.1

Action                   |  1- 3 |  4- 6 |  7- 9 | 10-12 || total
-------------------------+-------+-------+-------+-------++-------
Melee: Unarmed           |     2 |       |       |       ||     2
       Spear             |     2 |     4 |       |       ||     6
       Dagger            |       |     1 |       |       ||     1
       Hand axe          |       |       |     9 |     1 ||    10
Throw: Dart              |     1 |       |     2 |     2 ||     5
 Cast: Foxfire           |    47 |   158 |   314 |   219 ||   738
       Sticky Flame      |       |       |    13 |    24 ||    37
       Fireball          |       |       |       |     3 ||     3
Evoke: Wand              |       |       |     1 |       ||     1
  Use: Potion            |     4 |       |     1 |       ||     5
       Scroll            |     2 |     5 |     7 |     3 ||    17
Armor: Robe              |     3 |     2 |     1 |       ||     6
       Troll leather arm |       |       |    11 |     2 ||    13
       Ring mail         |       |       |       |     1 ||     1
Dodge: Dodged            |     7 |    11 |    51 |    15 ||    84
Block: Buckler           |       |       |    10 |     5 ||    15

Table legend: (Time is in decaauts)
 A = Elapsed time spent in this place.
 B = Non-inter-level travel time spent in this place.
 C = Inter-level travel time spent in this place.
 D = Time resting spent in this place.
 E = Time spent auto-exploring this place.
 F = Levels seen in this place.
 G = Mean time per level.
                   A        B        C        D        E       F      G
               +--------+--------+--------+--------+--------+-----+--------+
         Total |  11756 |  11219 |    537 |    216 |   9148 |  11 | 1068.7 |
       Dungeon |  11475 |  10968 |    507 |    216 |   8899 |  10 | 1147.5 |
        Temple |    280 |    250 |     30 |      0 |    248 |   1 |  280.0 |
               +--------+--------+--------+--------+--------+-----+--------+

Top non-repeatable levels by time:
     D:9: 1895 daAuts
     D:8: 1437 daAuts
     D:7: 1272 daAuts
     D:3: 1248 daAuts
     D:2: 1242 daAuts
     D:5: 1094 daAuts
     D:1: 1088 daAuts
    D:10: 869 daAuts
     D:4: 717 daAuts
     D:6: 609 daAuts
  Temple: 280 daAuts
